 Dungeon Crawl Stone Soup version 0.31-a0-1074-g0b22e4e0f1 (webtiles) character file.

Game seed: 6019214255601706774

8269 Hubris850 the Carver (level 11, 0/83 (89) HPs)
             Began as a Gnoll Cinder Acolyte on Dec 7, 2023.
             Was an Initiate of Ignis.
             Killed from afar by Josephine (20 damage)
             ... with a ghostly fireball
             ... on level 10 of the Dungeon.
             The game lasted 00:34:16 (10535 turns).

Hubris850 the Carver (Gnoll Cinder Acolyte)        Turns: 10535, Time: 00:34:17

HP:   0/83 (89)     AC: 12    Str: 14    XL:     11   Next: 28%
MP:   0/21          EV: 17    Int: 13    God:    Ignis [......]
Gold: 280           SH: 10    Dex: 12    Spells: 18/23 levels left

rFire   + . .        a - -1 falchion (flame)
rCold   . . .        m - +1 kite shield {AC+3}
rNeg    . . .        C - +1 leather armour {Will+}
rPois   .            j - +0 helmet
rElec   .            A - +2 cloak
rCorr   +            (no gloves)
SInv    .            (no boots)
Will    +....        k - amulet of guardian spirit
Stlth   +++          D - +5 ring of evasion
HPRegen 0.33/turn    l - ring of resist corrosion
MPRegen 0.17/turn

%: guardian spirit
@: drained
A: fangs 1, strong nose, distributed training
a: Renounce Religion, Rising Flame


You were on level 10 of the Dungeon.
You worshipped Ignis.
Ignis was noncommittal.
You visited 1 branch of the dungeon, and saw 10 of its levels.
You also visited: Bailey.

You collected 527 gold pieces.
You spent 247 gold pieces at shops.

Inventory:

Hand Weapons
 a - a -1 falchion of flaming (weapon)
 t - a +1 long sword of venom
 E - a +1 dagger of venom
 H - a +5 halberd
 Q - a +6 glaive
Missiles
 f - 8 boomerangs
 o - 3 curare-tipped darts
 q - 14 poisoned darts
Armour
 b - the +0 cloak of Miracles {rF+++ Will+ Str-5 SInv}
   (You bought it in a shop on level 8 of the Dungeon)

   Str-5:     It affects your strength (-5).
   rF+++:     It renders you almost immune to fire.
   Will+:     It increases your willpower.
   SInv:      It lets you see invisible.
 j - a +0 helmet (worn)
 m - a +1 kite shield of protection (worn)
 v - a +3 buckler
 A - a +2 cloak (worn)
 C - a +1 leather armour of willpower (worn)
 I - a scarf of harm
 L - +0 acid dragon scales
Magical Staves
 P - a staff of fire
 R - a staff of earth
Jewellery
 c - a ring of positive energy
 k - an amulet of guardian spirit (around neck)
 l - a ring of resist corrosion (right hand)
 D - a +5 ring of evasion (left hand)
 G - an amulet of the acrobat
 O - a ring of protection from fire
Wands
 d - a wand of light (6)
 n - a wand of iceblast (4)
 s - a wand of paralysis (18)
 x - a wand of flame (23)
 K - a wand of digging (7)
Scrolls
 e - 2 scrolls of enchant armour
 i - a scroll of fog
 p - 3 scrolls of brand weapon
 y - a scroll of vulnerability
 M - 2 scrolls of amnesia
 S - 3 scrolls of enchant weapon
 T - a scroll of torment
Potions
 g - 2 potions of heal wounds
 h - 2 potions of brilliance
 r - 4 potions of curing
 u - 3 potions of mutation
 w - a potion of might {unknown}
 z - a potion of berserk rage
 B - a potion of haste
 F - 2 potions of invisibility
 N - a potion of attraction {unknown}
Miscellaneous
 J - a lightning rod (4/4)


   Skills:
 + Level 9.1 Fighting
 + Level 6.2 Short Blades
 + Level 9.1 Long Blades
 + Level 6.2 Axes
 + Level 6.2 Maces & Flails
 + Level 6.2 Polearms
 + Level 6.2 Staves
 + Level 6.2 Ranged Weapons
 + Level 6.2 Throwing
 + Level 6.2 Armour
 + Level 6.2 Dodging
 + Level 6.2 Stealth
 + Level 6.2 Shields
 + Level 6.2 Unarmed Combat
 + Level 6.9 Spellcasting
 + Level 5.1 Conjurations
 + Level 5.1 Hexes
 + Level 5.1 Summonings
 + Level 5.1 Necromancy
 + Level 5.1 Translocations
 + Level 5.1 Transmutations
 + Level 7.6 Fire Magic
 + Level 5.1 Ice Magic
 + Level 5.1 Air Magic
 + Level 5.1 Earth Magic
 + Level 5.1 Poison Magic
 + Level 6.8 Invocations
 + Level 6.2 Evocations
 + Level 5.7 Shapeshifting


You had 18 spell levels left.
You knew the following spells:

 Your Spells              Type           Power      Damage    Failure   Level
a - Scorch                Fire           48%        2d7       3%          2
b - Volatile Blastmotes   Fire/Tloc      42%        2d13      12%         3

Your spell library contained the following spells:

 Spells                   Type           Power      Damage    Failure   Level
 Animate Armour           Summ/Erth      36%        N/A       52%         4
 Fulminant Prism          Conj/Hex       9%         3d6       52%         4
 Iskenderun's Mystic Bla  Conj/Tloc      18%        2d6       52%         4
 Summon Lightning Spire   Summ/Air       18%        N/A       52%         4
 Lee's Rapid Deconstruct  Erth           9%         3d7*      86%         5


Dungeon Overview and Level Annotations

Branches:
Dungeon (10/15)            Temple (0/1) D:4          Bailey (visited)
   Lair: D:8-11         Orc: D:9-12

Altars:
Elyvilon
Gozag
Qazlal

Shops:
D:8 [   D:10 *

Annotations:
D:8 1 runed translucent door, BigPumpCobain's ghost, novice MiFi
D:10 Josephine


Innate Abilities, Weirdness & Mutations

You have very sharp teeth.
Your uncanny sense of smell can sniff out nearby items.
Your experience applies equally to all skills.


Message History

You block Josephine's attack.
You hit Josephine. You burn Josephine.
Josephine is heavily wounded.
Josephine hits you but does no damage.
You writhe in agony.
You are too injured to fight recklessly!
You are too injured to fight recklessly!
Casting: Scorch (safe; 3% risk of failure)
Confirm with . or Enter, or press ? or * to list all spells.
Flames lash Josephine.
Josephine is heavily wounded.
Josephine completely misses you.
Unknown command.
You barely miss Josephine.
Josephine is heavily wounded.
You block Josephine's attack.
You hit Josephine but do no damage. Your bite misses Josephine.
Josephine is heavily wounded.
Josephine hits you but does no damage.
You writhe in agony!
You closely miss Josephine.
Josephine is heavily wounded.
Josephine hits you with a +6 dagger of pain!
You writhe in agony.
You hit Josephine but do no damage.
Josephine is heavily wounded.
Josephine closely misses you.
Casting: Scorch (safe; 3% risk of failure)
Confirm with . or Enter, or press ? or * to list all spells.
Flames lash Josephine.
Josephine is severely wounded.
You block Josephine's attack.
You barely miss Josephine. Your bite misses Josephine.
Josephine is severely wounded.
Josephine hits you but does no damage.
You writhe in agony!
* * * LOW HITPOINT WARNING * * *
You slash Josephine! You burn Josephine.
Josephine is almost dead.
Josephine casts a spell at you.
The ghostly flame explodes!
The ghostly fireball engulfs you!!
You feel drained.
You die...

######### #.......#
#.......# ##########
#.......# #...).....
#.......#####.........
#.......'..##.........
#.......##..'...)..)..
#.......#####...).....
#...@@..# #..)......
#.......# #.........
######+## ######+###


You could see Josephine (combustible).

Vanquished Creatures
  A two-headed ogre (D:9)
  Sonja (D:10)
  An orc knight (Bailey)
  A hornet (D:8)
  2 raiju (D:8)
  3 wraiths (D:10)
  8 yaks
  Duvessa (D:6)
  3 acid dragons
  12 orc warriors
  A water moccasin (D:5)
  An ice beast (D:6)
  2 centaurs (D:9)
  An ogre (D:7)
  4 phantoms
  A kobold brigand (D:7)
  2 bullfrogs
  A gnoll sergeant (D:6)
  2 scorpions
  Dowan (D:6)
  5 wights (D:8)
  6 killer bees (D:9)
  6 electric eels (D:8)
  A gnoll bouda (D:7)
  3 jellies
  2 orc priests
  3 sleepcaps
  Ijyb (D:5)
  5 iguanas
  10 orc wizards
  Robin (D:4)
  5 adders
  23 gnolls
  2 ufetubi (D:6)
  A worm (D:3)
  3 dart slugs
  47 orcs
  6 ball pythons
  2 bats
  5 endoplasms
  6 giant cockroaches
  14 goblins
  8 hobgoblins
  5 jackals
  9 kobolds
  2 quokkas (D:1)
  2 frilled lizards (D:1)
  4 rats
236 creatures vanquished.

Vanquished Creatures (others)
  59 foxfires
59 creatures vanquished.

Grand Total: 295 creatures vanquished

Notes
Turn   | Place    | Note
-------+----------+-------------------------------------------
     0 | D:1      | Hubris850 the Gnoll Cinder Acolyte began the quest for the
                  | Orb.
     0 | D:1      | Reached XP level 1. HP: 23/23 MP: 4/4
   308 | D:1      | Reached XP level 2. HP: 28/29 MP: 5/5
   578 | D:1      | Reached XP level 3. HP: 35/35 MP: 7/7
   856 | D:1      | Learned a level 2 spell: Scorch
  1040 | D:2      | Reached skill level 1 in Invocations
  1145 | D:2      | Reached skill level 1 in Short Blades
  1145 | D:2      | Reached skill level 1 in Axes
  1145 | D:2      | Reached skill level 1 in Maces & Flails
  1145 | D:2      | Reached skill level 1 in Polearms
  1145 | D:2      | Reached skill level 1 in Staves
  1145 | D:2      | Reached skill level 1 in Ranged Weapons
  1145 | D:2      | Reached skill level 1 in Throwing
  1145 | D:2      | Reached skill level 1 in Armour
  1145 | D:2      | Reached skill level 1 in Dodging
  1145 | D:2      | Reached skill level 1 in Stealth
  1145 | D:2      | Reached skill level 1 in Shields
  1145 | D:2      | Reached skill level 1 in Unarmed Combat
  1145 | D:2      | Reached skill level 1 in Evocations
  1265 | D:2      | Reached skill level 1 in Shapeshifting
  1265 | D:2      | Reached XP level 4. HP: 41/41 MP: 8/8
  1969 | D:3      | Reached skill level 1 in Conjurations
  1969 | D:3      | Reached skill level 1 in Hexes
  1969 | D:3      | Reached skill level 1 in Summonings
  1969 | D:3      | Reached skill level 1 in Necromancy
  1969 | D:3      | Reached skill level 1 in Translocations
  1969 | D:3      | Reached skill level 1 in Transmutations
  1969 | D:3      | Reached skill level 1 in Ice Magic
  1969 | D:3      | Reached skill level 1 in Air Magic
  1969 | D:3      | Reached skill level 1 in Earth Magic
  1969 | D:3      | Reached skill level 1 in Poison Magic
  2174 | D:3      | Reached XP level 5. HP: 47/47 MP: 9/9
  2830 | D:4      | Found a staircase to the Ecumenical Temple.
  2854 | D:4      | Noticed Robin
  2867 | D:4      | Killed Robin
  2868 | D:4      | Reached XP level 6. HP: 38/53 MP: 6/11
  3385 | D:5      | Entered Level 5 of the Dungeon
  3499 | D:5      | Reached XP level 7. HP: 31/59 MP: 6/12
  3780 | D:5      | Reached XP level 8. HP: 38/67 MP: 4/14
  4260 | D:5      | Noticed Ijyb
  4275 | D:5      | Killed Ijyb
  5422 | D:6      | Noticed a yak
  5446 | D:6      | Killed a yak
  5452 | D:6      | Noticed a yak
  5459 | D:6      | Noticed a yak
  5487 | D:6      | Killed a yak
  5497 | D:6      | Killed a yak
  5498 | D:6      | Reached XP level 9. HP: 31/73 MP: 2/16
  5648 | D:6      | Noticed Duvessa
  5649 | D:6      | Noticed Dowan
  5672 | D:6      | Killed Dowan
  5673 | D:6      | Reached skill level 5 in Spellcasting
  5673 | D:6      | Killed Duvessa
  6744 | D:8      | Found Zacuzo's Antique Armour Shop.
  6848 | D:8      | Found a runed translucent door.
  6849 | D:8      | Noticed BigPumpCobain's ghost (novice MiFi)
  6886 | D:8      | Bought an encrusted cloak for 247 gold pieces
  6886 | D:8      | Identified the +0 cloak of Miracles {rF+++ Will+ Str-5
                  | SInv} (You bought it in a shop on level 8 of the Dungeon)
  6935 | D:8      | Noticed a hornet
  6945 | D:8      | Killed a hornet
  6946 | D:8      | Reached skill level 5 in Invocations
  7272 | D:8      | Paralysed by a wight for 3 turns
  7416 | D:8      | Reached XP level 10. HP: 54/80 MP: 12/18
  7427 | D:8      | Reached skill level 5 in Short Blades
  7427 | D:8      | Reached skill level 5 in Axes
  7427 | D:8      | Reached skill level 5 in Maces & Flails
  7427 | D:8      | Reached skill level 5 in Polearms
  7427 | D:8      | Reached skill level 5 in Staves
  7427 | D:8      | Reached skill level 5 in Ranged Weapons
  7427 | D:8      | Reached skill level 5 in Throwing
  7427 | D:8      | Reached skill level 5 in Armour
  7427 | D:8      | Reached skill level 5 in Dodging
  7427 | D:8      | Reached skill level 5 in Stealth
  7427 | D:8      | Reached skill level 5 in Shields
  7427 | D:8      | Reached skill level 5 in Unarmed Combat
  7427 | D:8      | Reached skill level 5 in Evocations
  7910 | D:9      | Noticed a two-headed ogre
  7925 | D:9      | Killed a two-headed ogre
  8077 | D:9      | Found a flagged portal.
  8104 | Bailey   | Entered a bailey
  8130 | Bailey   | Reached skill level 5 in Shapeshifting
  8649 | Bailey   | Noticed an orc knight
  8670 | Bailey   | Killed an orc knight
  9201 | D:9      | Reached XP level 11. HP: 85/87 MP: 18/20
  9217 | D:9      | Reached skill level 5 in Conjurations
  9217 | D:9      | Reached skill level 5 in Hexes
  9217 | D:9      | Reached skill level 5 in Summonings
  9217 | D:9      | Reached skill level 5 in Necromancy
  9217 | D:9      | Reached skill level 5 in Translocations
  9217 | D:9      | Reached skill level 5 in Transmutations
  9217 | D:9      | Reached skill level 5 in Ice Magic
  9217 | D:9      | Reached skill level 5 in Air Magic
  9217 | D:9      | Reached skill level 5 in Earth Magic
  9217 | D:9      | Reached skill level 5 in Poison Magic
  9673 | D:9      | Found a white marble altar of Elyvilon.
  9684 | D:9      | Found a stormy altar of Qazlal.
  9761 | D:10     | Entered Level 10 of the Dungeon
  9795 | D:10     | Learned a level 3 spell: Volatile Blastmotes
  9881 | D:10     | Found an opulent altar of Gozag.
  9884 | D:10     | Found Gozag's Platinum Reserve.
  9910 | D:10     | Noticed Sonja
  9927 | D:10     | Killed Sonja
 10286 | D:10     | Noticed Josephine
 10535 | D:10     | Killed from afar by Josephine

Illustrated notes

Levels and vault maps discovered:
D:1:      scummos_arrival_star, layout_basic
D:2:      minmay_chambers_of_ones, layout_rooms
D:3:      layout_loops_corners
D:4:      layout_cave_pools, minmay_temple_entry_antechambers, minmay_vboxes,
          uniq_robin
D:5:      layout_basic, uniq_ijyb
D:6:      layout_rooms, uniq_duvessa
D:7:      layout_rooms, serial_rivers, chequers_serial_rivers_micro_e,
          chequers_serial_rivers_micro_d, chequers_serial_rivers_micro_d,
          chequers_serial_rivers_small_b, chequers_serial_rivers_room_a,
          chequers_serial_rivers_small_b
D:8:      layout_gridville, ebering_ghost_reflecting_pool, serial_shops,
          nicolae_shop_waterfront, nicolae_have_a_lightning_rod
D:9:      layout_roguey, amethyst_overflow_temple_binary, enter_bailey_7,
          lemuel_flamethrower_1
D:10:     layout_roguey, nicolae_gozag_zags_fifth_avenue, uniq_josephine,
          uniq_sonja

Skill      XL: |  1  2  3  4  5  6  7  8  9 10 11 |
---------------+----------------------------------+-----
Invocations    | 1 2 3 4 5 6 |  6.8
Short Blades   | 1 2 3 4 5 6 |  6.2
Axes           | 1 2 3 4 5 6 |  6.2
Maces & Flails | 1 2 3 4 5 6 |  6.2
Polearms       | 1 2 3 4 5 6 |  6.2
Staves         | 1 2 3 4 5 6 |  6.2
Ranged Weapons | 1 2 3 4 5 6 |  6.2
Throwing       | 1 2 3 4 5 6 |  6.2
Armour         | 1 2 3 4 5 6 |  6.2
Dodging        | 1 2 3 4 5 6 |  6.2
Stealth        | 1 2 3 4 5 6 |  6.2
Shields        | 1 2 3 4 5 6 |  6.2
Unarmed Combat | 1 2 3 4 5 6 |  6.2
Evocations     | 1 2 3 4 5 6 |  6.2
Shapeshifting  | 1 2 3 4 5 |  5.7
Spellcasting   | 3 4 5 6 |  6.9
Conjurations   | 1 2 3 4 5 |  5.1
Hexes          | 1 2 3 4 5 |  5.1
Summonings     | 1 2 3 4 5 |  5.1
Necromancy     | 1 2 3 4 5 |  5.1
Translocations | 1 2 3 4 5 |  5.1
Transmutations | 1 2 3 4 5 |  5.1
Ice Magic      | 1 2 3 4 5 |  5.1
Air Magic      | 1 2 3 4 5 |  5.1
Earth Magic    | 1 2 3 4 5 |  5.1
Poison Magic   | 1 2 3 4 5 |  5.1
Fighting       | 7 8 9 |  9.1
Long Blades    | 7 8 9 |  9.1
Fire Magic     | 6 7 |  7.6

Action                     |  1- 3 |  4- 6 |  7- 9 | 10-12 || total
---------------------------+-------+-------+-------+-------++-------
  Melee: Falchion          |    51 |     8 |   262 |    49 ||   370
         Dagger            |    45 |   199 |    16 |       ||   260
         Bite              |     5 |    26 |    50 |    33 ||   114
         Long sword        |       |       |   114 |   174 ||   288
  Throw: Dart              |       |     7 |    13 |       ||    20
         Boomerang         |       |       |       |     5 ||     5
   Cast: Scorch            |     1 |     9 |    37 |    59 ||   106
         Volatile Blastmot |       |       |       |     1 ||     1
 Invoke: Fiery Armour      |       |       |     5 |     3 ||     8
         Foxfire Swarm     |       |       |     2 |     1 ||     3
  Evoke: Wand              |       |       |     5 |     8 ||    13
    Use: Scroll            |       |    10 |     5 |     3 ||    18
         Potion            |       |       |       |     2 ||     2
   Stab: Sleeping          |     1 |     1 |     1 |       ||     3
         Distracted        |       |       |     1 |       ||     1
 Armour: Robe              |    49 |     6 |       |       ||    55
         Scale mail        |       |    19 |       |       ||    19
         Leather armour    |       |     3 |    60 |   131 ||   194
         Ring mail         |       |    63 |   162 |       ||   225
  Dodge: Dodged            |    44 |    75 |   202 |   170 ||   491
  Block: Buckler           |       |    33 |    56 |       ||    89
         Kite shield       |       |       |   152 |   172 ||   324

Table legend: (Time is in decaauts)
 A = Elapsed time spent in this place.
 B = Non-inter-level travel time spent in this place.
 C = Inter-level travel time spent in this place.
 D = Time resting spent in this place.
 E = Time spent auto-exploring this place.
 F = Levels seen in this place.
 G = Mean time per level.
                   A        B        C        D        E       F      G
               +--------+--------+--------+--------+--------+-----+--------+
         Total |  10649 |  10300 |    349 |   1389 |   6325 |  11 |  968.1 |
       Dungeon |   9837 |   9488 |    349 |    969 |   6325 |  10 |  983.7 |
        Bailey |    812 |    812 |      0 |    420 |      0 |   1 |  812.0 |
               +--------+--------+--------+--------+--------+-----+--------+

Top non-repeatable levels by time:
     D:5: 1515 daAuts
     D:8: 1178 daAuts
     D:9: 1129 daAuts
     D:6: 1117 daAuts
     D:3: 977 daAuts
     D:1: 926 daAuts
    D:10: 816 daAuts
  Bailey: 812 daAuts
     D:4: 789 daAuts
     D:7: 708 daAuts
     D:2: 679 daAuts
